[ AOE2 MATCH · #506311306 ]
UnrankedMalians vs Gurjaras
Player's team · LOSS
Rival team · WIN
[ REPLAY ANALYSIS · EXTRACTED FROM THE RECORDED GAME ]
Feudal
8:55
Castle
22:00
Imperial
39:21
| APM avg | 67.9 |
| APM peak | 112 |
| eAPM avg | 34.0 |
| Villagers / military | 162 / 158 |
Focus
⚔️ 48.9% · 🌾 51.1%
Skirmisher ×96 · Archer ×28 · Gbeto ×14 · Militia ×6 · Mangonel ×6 · Trebuchet (Packed) ×5
Feudal
8:55
Castle
18:49
Imperial
36:49
| APM avg | 54.8 |
| APM peak | 87 |
| eAPM avg | 29.4 |
| Villagers / military | 161 / 143 |
Focus
⚔️ 51.5% · 🌾 48.5%
Elephant Archer ×107 · Skirmisher ×13 · Mangonel ×6 · Shrivamsha Rider ×4 · Monk ×3 · Camel Scout ×3
Match map
Initial resources + every placement click. Lines = walls · curves = elevation contours. ◆ gold · ⬟ stone · ● berries · ✦ relic · ◌ wall gap
Your base· ✓ Closed at 22:00 · 42t walls · no gate
CNZS_Dadaya's base· Open — opponent sealed themselves in
Smoothed initial terrain · ◌ = detected wall gap · hover for details
Inputs per minute
— Fs.TARTARUGA VELOZ - - CNZS_Dadaya
Build order — Fs.TARTARUGA VELOZ
First 150 of 476 actions detected
| 0:00 | Create | Villager (Male) |
| 0:01 | Create | Villager (Male) |
| 0:02 | Build | House |
| 0:02 | Build | House |
| 0:06 | Create | Villager (Male) |
| 0:06 | Create | Villager (Male) |
| 1:23 | Create | Villager (Male) |
| 2:07 | Create | Villager (Male) |
| 2:07 | Build | Lumber Camp |
| 2:08 | Create | Villager (Male) |
| 2:09 | Create | Villager (Male) |
| 2:29 | Create | Villager (Male) |
| 3:03 | Create | Villager (Male) |
| 3:04 | Create | Villager (Male) |
| 3:41 | Create | Villager (Male) |
| 3:41 | Create | Villager (Male) |
| 3:53 | Build | House |
| 4:01 | Create | Villager (Male) |
| 4:02 | Create | Villager (Male) |
| 4:05 | Create | Villager (Male) |
| 4:07 | Build | House |
| 4:45 | Create | Villager (Male) |
| 4:51 | Build | Barracks |
| 5:06 | Create | Villager (Male) |
| 5:53 | Create | Villager (Male) |
| 5:53 | Research | Loom |
| 5:59 | Build | Mining Camp |
| 6:45 | Research | Feudal Age |
| 6:46 | Research | Feudal Age |
| 6:46 | Research | Feudal Age |
| 7:02 | Create | Militia |
| 7:03 | Create | Militia |
| 7:03 | Create | Militia |
| 7:15 | Create | Militia |
| 7:15 | Create | Militia |
| 7:34 | Create | Militia |
| 8:02 | Create | Villager (Male) |
| 8:15 | Build | House |
| 8:48 | Build | Palisade Wall |
| 8:49 | Build | Palisade Wall |
| 8:50 | Build | Palisade Wall |
| 8:52 | Build | Palisade Wall |
| 8:55 | Age | Feudal Age |
| 9:02 | Research | Man-at-Arms (upgrade) |
| 9:02 | Research | Man-at-Arms (upgrade) |
| 9:16 | Create | Spearman |
| 9:20 | Build | Archery Range |
| 9:26 | Create | Spearman |
| 9:36 | Build | Mill |
| 9:59 | Create | Villager (Male) |
| 9:59 | Create | Villager (Male) |
| 10:04 | Build | House |
| 10:06 | Build | Palisade Wall |
| 10:07 | Create | Archer |
| 10:08 | Create | Archer |
| 10:26 | Create | Villager (Male) |
| 10:39 | Build | Farm |
| 10:55 | Build | Farm |
| 10:56 | Create | Villager (Male) |
| 10:56 | Create | Villager (Male) |
| 11:09 | Create | Archer |
| 11:12 | Build | Palisade Wall |
| 11:14 | Build | Palisade Wall |
| 11:15 | Build | Palisade Wall |
| 11:15 | Build | Palisade Wall |
| 11:16 | Build | Palisade Wall |
| 11:16 | Build | Palisade Wall |
| 11:20 | Create | Villager (Male) |
| 11:27 | Create | Spearman |
| 11:43 | Build | House |
| 11:45 | Build | Palisade Wall |
| 11:48 | Build | Palisade Wall |
| 11:49 | Create | Archer |
| 11:49 | Create | Villager (Male) |
| 11:53 | Build | Farm |
| 11:55 | Build | Farm |
| 12:02 | Build | Palisade Wall |
| 12:04 | Create | Archer |
| 12:08 | Create | Villager (Male) |
| 12:12 | Build | Palisade Wall |
| 12:12 | Build | Palisade Wall |
| 12:16 | Build | House |
| 12:25 | Create | Villager (Male) |
| 12:46 | Create | Archer |
| 12:48 | Create | Villager (Male) |
| 13:07 | Create | Villager (Male) |
| 13:11 | Build | Blacksmith |
| 13:24 | Create | Villager (Male) |
| 13:31 | Build | House |
| 13:33 | Create | Archer |
| 13:50 | Build | House |
| 13:57 | Build | Farm |
| 14:00 | Research | Fletching |
| 14:00 | Research | Fletching |
| 14:00 | Research | Fletching |
| 14:01 | Build | House |
| 14:14 | Create | Archer |
| 14:18 | Build | Farm |
| 14:22 | Build | Farm |
| 14:23 | Create | Villager (Male) |
| 14:33 | Build | House |
| 14:51 | Create | Archer |
| 14:54 | Create | Villager (Male) |
| 14:55 | Build | Farm |
| 15:04 | Build | Farm |
| 15:07 | Build | House |
| 15:22 | Create | Villager (Male) |
| 15:22 | Create | Skirmisher |
| 15:30 | Research | Double-Bit Axe |
| 15:31 | Research | Double-Bit Axe |
| 15:31 | Research | Double-Bit Axe |
| 15:59 | Create | Villager (Male) |
| 16:00 | Create | Skirmisher |
| 16:10 | Create | Villager (Male) |
| 16:12 | Build | Farm |
| 16:26 | Create | Skirmisher |
| 16:33 | Build | Farm |
| 17:04 | Create | Archer |
| 17:04 | Create | Villager (Male) |
| 17:34 | Create | Villager (Male) |
| 17:34 | Create | Archer |
| 17:37 | Build | Farm |
| 17:39 | Build | Farm |
| 18:03 | Create | Villager (Male) |
| 18:32 | Create | Archer |
| 18:35 | Create | Villager (Male) |
| 18:37 | Build | Lumber Camp |
| 19:08 | Create | Archer |
| 19:13 | Build | Archery Range |
| 19:20 | Research | Castle Age |
| 19:20 | Research | Castle Age |
| 19:31 | Build | Farm |
| 19:33 | Research | Horse Collar |
| 19:33 | Research | Horse Collar |
| 19:33 | Research | Gold Mining |
| 19:34 | Research | Gold Mining |
| 19:40 | Build | Farm |
| 19:44 | Create | Archer |
| 19:53 | Build | Farm |
| 20:09 | Create | Archer |
| 20:11 | Create | Archer |
| 20:42 | Create | Archer |
| 20:42 | Create | Archer |
| 20:48 | Create | Villager (Male) |
| 21:18 | Create | Archer |
| 21:18 | Create | Archer |
| 21:52 | Build | House |
| 22:00 | Age | Castle Age |
| 22:02 | Build | Town Center |
| 22:12 | Research | Crossbowman (upgrade) |
Build order — CNZS_Dadaya
First 150 of 489 actions detected
| 0:00 | Create | Villager (Male) |
| 0:01 | Create | Villager (Male) |
| 0:02 | Build | House |
| 0:03 | Build | House |
| 0:06 | Create | Villager (Male) |
| 0:10 | Create | Villager (Male) |
| 0:48 | Build | Mill |
| 1:27 | Create | Villager (Male) |
| 1:27 | Create | Villager (Male) |
| 2:06 | Create | Villager (Male) |
| 2:06 | Create | Villager (Male) |
| 2:26 | Create | Villager (Male) |
| 2:26 | Create | Villager (Male) |
| 2:47 | Create | Villager (Male) |
| 2:48 | Create | Villager (Male) |
| 3:03 | Build | House |
| 3:07 | Create | Villager (Male) |
| 3:07 | Create | Villager (Male) |
| 3:21 | Create | Villager (Male) |
| 3:21 | Create | Villager (Male) |
| 3:42 | Create | Villager (Male) |
| 3:43 | Create | Villager (Male) |
| 4:27 | Build | Lumber Camp |
| 4:38 | Create | Villager (Male) |
| 5:05 | Create | Villager (Male) |
| 5:05 | Create | Villager (Male) |
| 5:57 | Build | House |
| 5:59 | Build | Palisade Wall |
| 6:20 | Create | Villager (Male) |
| 6:37 | Research | Feudal Age |
| 7:00 | Build | Mining Camp |
| 7:08 | Research | Loom |
| 7:27 | Create | Villager (Male) |
| 7:27 | Create | Villager (Male) |
| 7:37 | Build | Palisade Wall |
| 7:45 | Build | Palisade Wall |
| 7:51 | Build | Palisade Wall |
| 8:08 | Build | Barracks |
| 8:55 | Age | Feudal Age |
| 9:04 | Build | Stable |
| 9:06 | Research | Double-Bit Axe |
| 9:15 | Create | Villager (Male) |
| 9:40 | Build | Farm |
| 9:42 | Build | Farm |
| 9:56 | Create | Camel Scout |
| 9:56 | Create | Camel Scout |
| 10:01 | Build | House |
| 10:04 | Create | Villager (Male) |
| 10:11 | Create | Villager (Male) |
| 10:15 | Build | Farm |
| 10:22 | Build | Farm |
| 10:33 | Create | Camel Scout |
| 10:36 | Create | Spearman |
| 10:37 | Create | Villager (Male) |
| 10:49 | Create | Villager (Male) |
| 11:07 | Build | Farm |
| 11:08 | Create | Villager (Male) |
| 11:11 | Build | House |
| 11:59 | Create | Villager (Male) |
| 12:02 | Research | Horse Collar |
| 12:05 | Create | Villager (Male) |
| 12:07 | Create | Villager (Male) |
| 12:18 | Build | House |
| 12:26 | Build | House |
| 12:27 | Build | House |
| 12:31 | Build | Palisade Wall |
| 12:32 | Create | Villager (Male) |
| 12:35 | Build | House |
| 12:44 | Create | Villager (Male) |
| 12:59 | Build | Archery Range |
| 13:00 | Create | Villager (Male) |
| 13:24 | Build | Blacksmith |
| 13:30 | Build | House |
| 13:30 | Build | House |
| 13:44 | Build | Farm |
| 14:12 | Create | Skirmisher |
| 14:19 | Build | House |
| 14:23 | Create | Villager (Male) |
| 14:24 | Build | Farm |
| 14:26 | Build | Farm |
| 14:48 | Create | Skirmisher |
| 15:10 | Create | Villager (Male) |
| 15:11 | Create | Skirmisher |
| 15:28 | Build | Farm |
| 15:33 | Create | Villager (Male) |
| 15:34 | Create | Skirmisher |
| 15:37 | Build | Farm |
| 15:41 | Build | Farm |
| 15:44 | Create | Villager (Male) |
| 16:09 | Research | Castle Age |
| 16:13 | Create | Skirmisher |
| 16:19 | Create | Skirmisher |
| 16:40 | Research | Fletching |
| 16:52 | Create | Skirmisher |
| 17:01 | Create | Skirmisher |
| 17:05 | Research | Horse Collar |
| 17:05 | Research | Horse Collar |
| 17:17 | Research | Padded Archer Armor |
| 17:17 | Research | Padded Archer Armor |
| 17:26 | Create | Skirmisher |
| 17:38 | Build | Farm |
| 18:03 | Build | Lumber Camp |
| 18:09 | Create | Skirmisher |
| 18:10 | Create | Skirmisher |
| 18:33 | Build | Farm |
| 18:49 | Age | Castle Age |
| 18:52 | Research | Bodkin Arrow |
| 18:53 | Create | Villager (Male) |
| 18:57 | Create | Shrivamsha Rider |
| 18:58 | Create | Shrivamsha Rider |
| 19:09 | Create | Villager (Male) |
| 19:17 | Create | Villager (Male) |
| 19:18 | Create | Villager (Male) |
| 19:27 | Build | Town Center |
| 19:44 | Create | Villager (Male) |
| 20:19 | Create | Elephant Archer |
| 20:20 | Create | Elephant Archer |
| 20:23 | Build | Archery Range |
| 20:28 | Create | Villager (Male) |
| 20:28 | Create | Villager (Male) |
| 20:31 | Build | House |
| 20:32 | Build | House |
| 20:36 | Build | Lumber Camp |
| 20:46 | Create | Elephant Archer |
| 20:47 | Create | Elephant Archer |
| 20:50 | Build | Farm |
| 20:53 | Create | Villager (Male) |
| 20:55 | Create | Elephant Archer |
| 20:56 | Create | Elephant Archer |
| 20:59 | Build | Farm |
| 20:59 | Build | Farm |
| 20:59 | Build | Farm |
| 20:59 | Build | Farm |
| 21:12 | Create | Elephant Archer |
| 21:13 | Create | Elephant Archer |
| 21:25 | Build | Farm |
| 21:27 | Create | Elephant Archer |
| 21:28 | Create | Villager (Male) |
| 21:28 | Create | Villager (Male) |
| 21:31 | Build | Farm |
| 21:32 | Build | Farm |
| 21:32 | Build | Farm |
| 21:32 | Build | Farm |
| 21:42 | Create | Villager (Male) |
| 21:43 | Create | Villager (Male) |
| 21:55 | Create | Villager (Male) |
| 21:55 | Create | Villager (Male) |
| 21:57 | Build | Monastery |
| 22:11 | Build | House |
| 22:12 | Create | Elephant Archer |
Match timeline
| 4:51 | Fs.TARTARUGA VELOZ · first_building Barracks |
| 5:59 | CNZS_Dadaya · wall_segment Palisade Wall x1 |
| 7:37 | CNZS_Dadaya · wall_segment Palisade Wall x2 |
| 7:45 | CNZS_Dadaya · wall_segment Palisade Wall x3 |
| 7:51 | CNZS_Dadaya · wall_segment Palisade Wall x7 |
| 8:08 | CNZS_Dadaya · first_building Barracks |
| 8:48 | Fs.TARTARUGA VELOZ · wall_segment Palisade Wall x1 |
| 8:49 | Fs.TARTARUGA VELOZ · wall_segment Palisade Wall x1 |
| 8:50 | Fs.TARTARUGA VELOZ · wall_segment Palisade Wall x1 |
| 8:52 | Fs.TARTARUGA VELOZ · wall_segment Palisade Wall x1 |
| 8:55 | CNZS_Dadaya · age_up feudal |
| 8:55 | Fs.TARTARUGA VELOZ · age_up feudal |
| 9:04 | CNZS_Dadaya · first_building Stable |
| 9:20 | Fs.TARTARUGA VELOZ · first_building Archery Range |
| 10:06 | Fs.TARTARUGA VELOZ · wall_segment Palisade Wall x18 |
| 11:12 | Fs.TARTARUGA VELOZ · wall_segment Palisade Wall x1 |
| 11:14 | Fs.TARTARUGA VELOZ · wall_segment Palisade Wall x1 |
| 11:15 | Fs.TARTARUGA VELOZ · wall_segment Palisade Wall x1 |
| 11:15 | Fs.TARTARUGA VELOZ · wall_segment Palisade Wall x1 |
| 11:16 | Fs.TARTARUGA VELOZ · wall_segment Palisade Wall x1 |
| 11:16 | Fs.TARTARUGA VELOZ · wall_segment Palisade Wall x1 |
| 11:45 | Fs.TARTARUGA VELOZ · wall_segment Palisade Wall x1 |
| 11:48 | Fs.TARTARUGA VELOZ · wall_segment Palisade Wall x1 |
| 12:02 | Fs.TARTARUGA VELOZ · wall_segment Palisade Wall x6 |
| 12:12 | Fs.TARTARUGA VELOZ · wall_segment Palisade Wall x6 |
| 12:12 | Fs.TARTARUGA VELOZ · wall_segment Palisade Wall x1 |
| 12:31 | CNZS_Dadaya · wall_segment Palisade Wall x6 |
| 12:59 | CNZS_Dadaya · first_building Archery Range |
| 18:49 | CNZS_Dadaya · age_up castle |
| 21:57 | CNZS_Dadaya · first_building Monastery |
| 22:00 | Fs.TARTARUGA VELOZ · age_up castle |
| 23:40 | CNZS_Dadaya · first_building Siege Workshop |
| 26:42 | Fs.TARTARUGA VELOZ · first_building Siege Workshop |
| 27:55 | Fs.TARTARUGA VELOZ · first_building Castle |
| 28:45 | Fs.TARTARUGA VELOZ · first_market_buy 100 food |
| 29:25 | Fs.TARTARUGA VELOZ · first_market_sell 500 wood |
| 33:55 | CNZS_Dadaya · first_building Castle |
| 35:20 | Fs.TARTARUGA VELOZ · wall_segment Stone Wall x11 |
| 36:49 | CNZS_Dadaya · age_up imperial |
| 37:48 | CNZS_Dadaya · first_market_sell 100 food |
| 39:21 | Fs.TARTARUGA VELOZ · age_up imperial |
| 42:07 | Fs.TARTARUGA VELOZ · first_building Stable |
| 42:55 | Fs.TARTARUGA VELOZ · resign |
[ AI ANALYSIS · 1 CREDIT ]
What really happened in this match?
Wolo.gg analyzes every decision: build order, eco, micro, common mistakes by bracket. Personalized analysis on WhatsApp or Discord in 30 seconds.
Civ guide
Malians
Perfil
Jugador #10489189